 Dungeon Crawl Stone Soup version 0.25-a0-189-gf71692caf1 (webtiles) character file.

Game seed: 17999425246528374862, levelgen mode: deterministic

58 sanka the Digger (level 3, 17/17 HPs)
             Began as a Felid Wanderer on Nov 29, 2019.
             Quit the game on level 3 of the Dungeon.
             The game lasted 00:08:11 (3312 turns).

sanka the Digger (Felid Wanderer)                   Turns: 3312, Time: 00:08:11

Health: 17/17      AC:  1    Str:  9    XL:     3   Next: 75%
Magic:  5/5        EV: 15    Int: 15    God:
Gold:   153        SH:  0    Dex: 13    Spells: 0/4 levels left
                                        Lives:  0   Deaths: 1

rFire    . . .     SeeInvis +     - Unarmed
rCold    . . .     Gourm    .   (shield unavailable)
rNeg     . . .     Faith    .   (armour unavailable)
rPois    .         Spirit   .   (helmet unavailable)
rElec    .         Reflect  .   (cloak unavailable)
rCorr    .         Harm     .   (gloves unavailable)
MR       .....                  (boots unavailable)
Stlth    +.........             (no amulet)
HPRegen  0.05/turn              e - ring of attention (curse)
MPRegen  0.09/turn              (no ring)

@: quick
A: very small, no armour, no weapons or thrown items, stealth, claws 1, fangs 3,
see invisible, carnivore, speed 1, shaggy fur 1, slow metabolism 1, sharp paws
a: no special abilities


You were on level 3 of the Dungeon.
You were not hungry.

You visited 1 branch of the dungeon, and saw 3 of its levels.

You collected 153 gold pieces.


Innate Abilities, Weirdness & Mutations

You cannot wear armour.
You are incapable of wielding weapons or throwing items.
Your paws allow you to move quietly. (Stealth)
You have sharp claws.
You have razor-sharp teeth.
You have supernaturally acute eyesight. (SInv)
You are carnivorous and can eat meat at any time.
You cover ground quickly.
You are covered in fur. (AC +1)
You have a slow metabolism.
Your sharp claws are effective at attacking unaware monsters.


   Skills:
 - Level 3.0 Fighting
 - Level 2.6 Stealth
 - Level 2.0 Unarmed Combat
 - Level 1.0 Spellcasting
 + Level 1.1 Conjurations
   Level 2.1 Transmutations
 * Level 3.4 Earth Magic
 - Level 1.1 Evocations


You couldn't memorise any spells.
You knew the following spells:

 Your Spells              Type           Power        Failure   Level  Hunger
x - Stone Arrow           Conj/Erth      #.....       28%         3    ####...
z - Sandblast             Erth           ##....       6%          1    ##.....

Your spell library contained the following spells:

 Spells                   Type           Power        Failure   Level  Hunger
 Passwall                 Tmut/Erth      #.......     12%         2    ###....
 Summon Small Mammal      Summ           #...         24%         1    ##.....
 Call Imp                 Summ           #.......     36%         2    ###....
 Call Canine Familiar     Summ           #.......     58%         3    ####...
 Summon Guardian Golem    Hex/Summ       #.......     58%         3    ####...
 Petrify                  Tmut/Erth      #.......     61%         4    #####..
 Lee's Rapid Deconstruct  Erth           ##........   86%         5    ######.
 Summon Ice Beast         Ice/Summ       #.......     94%         4    #####..
 Summon Lightning Spire   Summ/Air       #.......     94%         4    #####..

Inventory:

Missiles
 g - 97 stones
Jewellery
 e - a cursed ring of attention (left paw)
Wands
 o - a wand of clouds (4)
 q - a wand of paralysis (7)
Scrolls
 b - 4 scrolls of teleportation
 f - 3 scrolls of identify {unknown}
 h - a scroll of magic mapping {unknown}
 i - a scroll of fear {unknown}
 m - 2 scrolls of enchant weapon {unknown}
 n - a scroll of enchant armour {unknown}
 p - a scroll of immolation {unknown}
 s - 2 scrolls of fog {unknown}
Potions
 a - 2 potions of cancellation {unknown}
 c - a potion of curing
 j - a potion of might {unknown}
 k - a potion of brilliance {unknown}
 l - a potion of invisibility {unknown}
Comestibles
 d - 5 rations

Dungeon Overview and Level Annotations

Branches:
Dungeon (3/15)

Altars:
Ashenzari

▒...........▒ ▒..
▒.....▒.▒▒▒▒▒ ▒..
▒▒..▒..▒.▒▒▒▒▒▒▒▒..
▒▒▒▒▒...▒..............
▒.....▒...▒.▒▒▒▒▒▒▒▒▒▒.
▒.▒▒▒..................
▒.▒ ▒.................)
▒.▒ ▒>....<.▒▒▒▒▒.▒▒▒▒.
▒▒▒.▒▒▒.h.....▒▒▒▒▒.▒ ▒.
▒.......▒...........▒ ▒.
▒.▒>▒▒▒▒▒...▒▒▒▒▒.▒▒▒ ▒▒.
▒.▒.▒▒▒▒▒...........▒ ▒..
▒ ▒.....▒..▒▒▒▒▒▒.▒.▒ ▒..
▒.▒▒▒.▒..▒ ▒.▒.▒ ▒.▒
▒...▒.▒..▒ ▒.▒.▒ ▒.▒
▒.▒.▒.▒.▒..▒▒ ▒.▒.▒▒▒.▒
▒....>......▒▒▒▒▒.).....▒


There were no monsters in sight!


Message History

g - 99 stones The worker ant completely misses you.
Casting: Sandblast (safe; 6% risk of failure)
Confirm with . or Enter, or press ? or * to list all spells.
Aiming: Sandblast (safe; 6% risk of failure)
Press: ? - help, Shift-Dir - straight line, f/p - worker ant
Aim: a worker ant (lightly wounded)
The blast of sand hits the worker ant but does no damage.
The worker ant is lightly wounded.
g - 98 stones The worker ant bites you!
* * * LOW HITPOINT WARNING * * *
Casting: Sandblast (safe; 6% risk of failure)
Confirm with . or Enter, or press ? or * to list all spells.
Aiming: Sandblast (safe; 6% risk of failure)
Press: ? - help, Shift-Dir - straight line, f/p - worker ant
Aim: a worker ant (lightly wounded)
The blast of sand hits the worker ant but does no damage.
The worker ant is lightly wounded.
g - 97 stones The worker ant bites you!
You die...
The worker ant closely misses you.
You are now level 3!
You rejoin the land of the living...
Are you sure you want to abandon this character and quit the game? (Confirm with "yes".)
Okay, then.
Are you sure you want to abandon this character and quit the game? (Confirm with "yes".)
Okay, then.
Are you sure you want to abandon this character and quit the game? (Confirm with "yes".)

Action                   |  1- 3 |  4- 6 || total
-------------------------+-------+-------++-------
Melee: Unarmed           |    58 |    62 ||   120
       Bite              |     8 |     5 ||    13
 Cast: Sandblast         |    18 |    14 ||    32
  Use: Potion            |     1 |       ||     1
 Stab: Sleeping          |     4 |     2 ||     6
  Eat: Chunk             |     9 |     4 ||    13
Armor: Skin              |     8 |     3 ||    11
Dodge: Dodged            |    52 |    49 ||   101

Levels and vault maps discovered:
D:1:      minmay_arrival_arboretum_small, layout_basic
D:2:      layout_loops_ring, lemuel_round_altar
D:3:      layout_loops_ring, chequers_ecumenical_altar_grove

Notes
Turn   | Place    | Note
-------+----------+-------------------------------------------
     0 | D:1      | sanka the Felid Wanderer began the quest for the Orb.
     0 | D:1      | sanka set off with the following items: a scroll of
                  | teleportation, a potion of curing, a ration; and the
                  | following spell memorised: Sandblast; and the following
                  | spells available to memorise: Passwall, Stone Arrow,
                  | Petrify, Lee's Rapid Deconstruction
     0 | D:1      | Reached XP level 1. HP: 10/10 MP: 3/3
   318 | D:1      | Reached XP level 2. HP: 14/14 MP: 4/4
   685 | D:1      | Reached skill level 1 in Earth Magic
   786 | D:2      | Reached skill level 2 in Unarmed Combat
   820 | D:2      | Reached XP level 3. HP: 4/17 MP: 1/5
  1145 | D:2      | Reached skill level 2 in Earth Magic
  1558 | D:2      | Learned a level 3 spell: Stone Arrow
  1701 | D:2      | Reached XP level 4. HP: 21/21 MP: 2/6
  1704 | D:2      | Reached skill level 3 in Earth Magic
  2178 | D:2      | Found a shattered altar of Ashenzari.
  2959 | D:3      | Reached skill level 1 in Conjurations
  3192 | D:3      | Found a faded altar of an unknown god.
  3311 | D:3      | Slain by a worker ant
  3312 | D:3      | Reached XP level 3. HP: -1/17 MP: 2/5
  3312 | D:3      | Quit the game

Vanquished Creatures
  4 gnolls (D:2)
  3 adders
  2 worms (D:2)
  3 dart slugs
  A leopard gecko (D:3)
  An orc (D:3)
  2 giant cockroaches
  6 goblins
  3 hobgoblins
  6 bats
  3 frilled lizards
  8 kobolds
  5 rats
47 creatures vanquished.
